 Dungeon Crawl Stone Soup version 0.29.1-13-g9f3cf754e1 (webtiles) character file.

Game seed: 6950177107710122639

72 Draazi the Covered (level 4, -2/39 HPs)
             Began as a Minotaur Fighter on Feb 9, 2023.
             Was an Initiate of the Shining One.
             Slain by a gnoll
             ... wielding a +0 spear
              (5 damage)
             ... on level 3 of the Dungeon.
             The game lasted 00:24:35 (1510 turns).

Draazi the Covered (Minotaur Fighter)               Turns: 1510, Time: 00:24:36

Health: -2/39      AC: 11    Str: 22    XL:     4   Next: 6%
Magic:  3/3        EV:  9    Int:  5    God:    the Shining One [......]
Gold:   81         SH:  4    Dex: 10    Spells: 3/3 levels left

rFire   . . .      SeeInvis .   g - +2 spear (vorpal)
rCold   . . .      Faith    .   c - +0 buckler
rNeg    . . .      Spirit   .   b - +0 scale mail
rPois   .          Reflect  .   (helmet restricted)
rElec   .          Harm     .   (no cloak)
rCorr   .          Rampage  .   (no gloves)
Will    .....                   (no boots)
Stlth   ..........              (no amulet)
HPRegen 0.13/turn               m - +4 ring of protection
MPRegen 0.08/turn               (no ring)

@: mighty, glowing
A: horns 2, retaliatory headbutt
a: Renounce Religion


You were on level 3 of the Dungeon.
You worshipped the Shining One.
The Shining One was noncommittal.
You visited 1 branch of the dungeon, and saw 3 of its levels.

You collected 81 gold pieces.

Inventory:

Hand Weapons
 a - a +0 war axe
 g - a +2 vorpal spear (weapon)
Armour
 b - a +0 scale mail (worn)
 c - a +0 buckler (worn)
Magical Staves
 l - a staff of air
Jewellery
 m - a +4 ring of protection (left hand)
Wands
 q - a wand of flame (16) (quivered)
Scrolls
 e - 2 scrolls of teleportation {unknown}
 f - a scroll of poison {unknown}
 h - 3 scrolls of noise {unknown}
 i - a scroll of summoning {unknown}
 j - 4 scrolls of identify {unknown}
 k - a scroll of enchant armour {unknown}
 p - 3 scrolls of magic mapping {unknown}
Potions
 n - a potion of heal wounds {unknown}
 o - a potion of degeneration {unknown}


   Skills:
 - Level 3.6 Fighting
 - Level 3.7(4.1) Axes
 * Level 2.7(3.6) Polearms
 + Level 4.0 Armour
 - Level 0.1 Dodging
 + Level 3.9 Shields


You had 3 spell levels left.
You didn't know any spells.
Your spell library contained the following spells:

 Spells                   Type           Power      Damage    Failure   Level
 Static Discharge         Conj/Air       0%         3-3/arc   95%         2
 Dispel Undead            Necr           0%         3d6       100%        4
 Sticky Flame             Conj/Fire      0%         2d3       100%        4


Dungeon Overview and Level Annotations

Branches:
Dungeon (3/15)

Altars:
The Shining One

Shops:
D:1 [


Innate Abilities, Weirdness & Mutations

You have a pair of horns on your head.
You reflexively headbutt those who attack you in melee.


Message History

A kobold comes into view.
It is wielding a +0 dagger and quivering poisoned darts.
The kobold shouts!
The kobold throws a poisoned dart.
The poisoned dart hits you!
You are poisoned.
You feel very sick.
The kobold throws a poisoned dart.
The poisoned dart closely misses you.
You feel sick.
You feel sick.
The kobold throws a poisoned dart.
The poisoned dart hits you!
You are more poisoned.
You feel very sick.
You feel sick.
You feel sick.
You feel very mighty all of a sudden.
You feel sick.
You feel sick.
You feel sick.
The kobold throws a poisoned dart.
The poisoned dart closely misses you.
You feel sick. The kobold hits you but does no damage.
You puncture the kobold!
You kill the kobold!
You feel sick. The gnoll barely misses you.
You puncture the gnoll! Your headbutt misses the gnoll.
The gnoll is severely wounded.
You feel sick.
You are no longer poisoned.
The gnoll closely misses you.
The gnoll hits you from afar with a +0 spear.
* * * LOW HITPOINT WARNING * * *
A gnoll comes into view. It is wielding a +0 flail.
You hit the gnoll.
You kill the gnoll!
The gnoll hits you from afar with a +0 spear.
* * * LOW HITPOINT WARNING * * *
Your Armour skill increases to level 4!
You have reached level 4!
You feel agile.
The gnoll hits you from afar with a +0 spear.
* * * LOW HITPOINT WARNING * * *
The gnoll barely misses you. The gnoll hits you with a +0 spear.
You die...

##.#.g# .# #...... ..#
#..##.###.#.# #.........#.#
#.###g###.#.# #g......#.#.# #
##.#.....#.#.#.#####.#
.............>.#g....#
##.#.#...#.#...#@#####
#.#.....#.#...#g#
#.#.......#...#g#############
...........gg.).............#
#.............#.##########.##
###......##...#.# #.#
#....<..##..#.# #.#
#.........>...#.# #.#
#........K#.....# #.#


You could see 3 gnolls.

Vanquished Creatures
  2 gnolls
  An ufetubus (D:2)
  A dart slug (D:1)
  5 endoplasms
  3 giant cockroaches
  4 goblins
  3 hobgoblins (D:2)
  A quokka (D:1)
  6 ball pythons (D:1)
  5 bats
  3 frilled lizards
  6 kobolds
  5 rats (D:1)
45 creatures vanquished.

Notes
Turn   | Place    | Note
-------+----------+-------------------------------------------
     0 | D:1      | Draazi the Minotaur Fighter began the quest for the Orb.
     0 | D:1      | Reached XP level 1. HP: 19/19 MP: 0/0
    92 | D:1      | Reached XP level 2. HP: 14/26 MP: 1/1
   324 | D:1      | Reached skill level 1 in Polearms
   337 | D:1      | Found Gopnotac's Antique Armour Boutique.
   464 | D:1      | Reached XP level 3. HP: 31/31 MP: 2/2
   906 | D:2      | Identified the +3 leather armour of Negation {SInv}
  1093 | D:2      | Found a glowing golden altar of the Shining One.
  1142 | D:2      | Became a worshipper of the Shining One
  1503 | D:3      | Reached skill level 4 in Armour
  1503 | D:3      | Reached XP level 4. HP: 8/39 MP: 3/3
  1510 | D:3      | Slain by a gnoll

Illustrated notes

Levels and vault maps discovered:
D:1:      amcnicky_arrival_choice, layout_basic, serial_shops, shop
D:2:      layout_rooms, basic_altar, st_stairs_14
D:3:      layout_basic, nicolae_overflow_hidden_temple, serial_shops,
          nicolae_diamond_shop

Skill      XL: |  1  2  3 |
---------------+----------+-----
Axes           | 3 |  3.7
Polearms       | 1 2 |  2.7
Armour         | 4 |  4.0
Fighting       | |  3.6
Dodging        | |  0.1
Shields        | |  3.9

Action                   |  1- 3 |  4- 6 || total
-------------------------+-------+-------++-------
Melee: War axe           |    15 |       ||    15
       Headbutt          |    10 |       ||    10
       Spear             |    71 |       ||    71
  Use: Potion            |     1 |       ||     1
Armor: Scale mail        |    32 |       ||    32
Dodge: Dodged            |    27 |     1 ||    28
Block: Buckler           |     7 |       ||     7
